 Dungeon Crawl Stone Soup version 0.29.0-13-gc9e81de378 (webtiles) character file.

Game seed: 15501060723502844208

1531 xian the Zephyrmancer (level 8, -1/42 HPs)
             Began as a Tengu Air Elementalist on Sept 9, 2022.
             Was a Follower of Nemelex Xobeh.
             Killed from afar by a fire dragon (43 damage)
             ... with a blast of flame
             ... on level 9 of the Dungeon.
             The game lasted 00:12:49 (4690 turns).

xian the Zephyrmancer (Tengu Air Elementalist)      Turns: 4690, Time: 00:12:56

Health: -1/42      AC:  5    Str:  8    XL:     8   Next: 85%
Magic:  17/17      EV: 14    Int: 19    God:    Nemelex Xobeh [*.....]
Gold:   214        SH:  8    Dex: 20    Spells: 15/18 levels left

rFire   . . .      SeeInvis +   i - +10 whip of Munu {vorpal, rPois}
rCold   . . .      Faith    .   F - +0 kite shield
rNeg    . . .      Spirit   .   m - +1 robe {Will+}
rPois   +          Reflect  .   (helmet restricted)
rElec   .          Harm     .   D - +0 cloak
rCorr   .          Rampage  .   y - +0 pair of gloves
Will    +....                   (boots unavailable)
Stlth   +++.......              f - amulet of regeneration
HPRegen 0.94/turn               x - +6 ring of dexterity
MPRegen 0.15/turn               C - ring of see invisible

@: flying quickly and evasively, quick
A: beak, talons 3, nimble flight
a: Renounce Religion, Draw Escape, Draw Destruction, Draw Summoning


You were on level 9 of the Dungeon.
You worshipped Nemelex Xobeh.
Nemelex Xobeh was aware of your devotion.
You visited 2 branches of the dungeon, and saw 8 of its levels.
You also visited: Sewer.

You collected 243 gold pieces.
You spent 29 gold pieces at shops.

Inventory:

Hand Weapons
 i - the +10 whip of Munu (weapon) {vorpal, rPois}
   (You found it on level 3 of the Dungeon)

   It inflicts extra damage upon your enemies.
   rPois:     It protects you from poison.
Missiles
 u - 11 poisoned darts
 G - 3 atropa-tipped darts
Armour
 m - a +1 robe of willpower (worn)
 y - a +0 pair of gloves (worn)
 D - a +0 cloak (worn)
 F - a +0 kite shield (worn)
Jewellery
 f - an amulet of regeneration (around neck)
 x - a +6 ring of dexterity (left hand)
 B - an amulet of reflection
 C - a ring of see invisible (right hand)
Wands
 h - a wand of paralysis (25)
Scrolls
 a - 2 scrolls of poison {unknown}
 c - a scroll of vulnerability {unknown}
 e - 3 scrolls of brand weapon
 g - a scroll of immolation
 n - a scroll of noise {unknown}
 o - 3 scrolls of teleportation {unknown}
 p - 2 scrolls of enchant armour {unknown}
 q - 5 scrolls of amnesia {unknown}
 r - 2 scrolls of fog
 t - a scroll of blinking {unknown}
 w - 2 scrolls of identify {unknown}
 z - a scroll of fear {unknown}
Potions
 b - a potion of magic
 d - 2 potions of ambrosia {unknown}
 j - 2 potions of degeneration {unknown}
 k - 6 potions of curing
 l - 2 potions of mutation {unknown}
 s - a potion of might {unknown}
 v - a potion of brilliance
 A - a potion of attraction {unknown}
 E - a potion of invisibility {unknown}
Miscellaneous
 H - a piece from Xom's chessboard (15/15)


   Skills:
 + Level 0.8 Fighting
 + Level 1.5 Maces & Flails
 + Level 3.4 Dodging
 + Level 3.5 Stealth
 * Level 0.7 Shields
 + Level 5.6 Spellcasting
 + Level 6.5 Conjurations
 + Level 9.0 Air Magic


You had 15 spell levels left.
You knew the following spells:

 Your Spells              Type           Power      Damage    Failure   Level
a - Shock                 Conj/Air       100%       1d9       1%          1
b - Static Discharge      Conj/Air       34%        3-8/arc   2%          2

Your spell library contained the following spells:

 Spells                   Type           Power      Damage    Failure   Level
 Swiftness                Air            39%        N/A       3%          3
 Airstrike                Air            19%        2d(3-19)  10%         4


Dungeon Overview and Level Annotations

Branches:
Dungeon (9/15)             Temple (1/1) D:5            Lair (0/5) D:9
  Sewer (visited)
    Orc: D:9-12

Altars:
Ashenzari
Cheibriados
Dithmenos
Elyvilon
Fedhas
Gozag
Hepliaklqana
Kikubaaqudgha
Makhleb
Nemelex Xobeh
Qazlal
Ru
Sif Muna
Trog
Uskayaw
Wu Jian
Xom
Yredelemnul
Zin
The Shining One

Shops:
D:4 *   D:5 (*


Innate Abilities, Weirdness & Mutations

You have a beak for a mouth.
You have claws for feet.
Your magical nature lets you fly swiftly and evasively.


Message History

The orc wizard is almost dead.
The zap misses the orc.
Unknown command.
The zap misses the orc wizard.
The zap hits the orc!
You kill the orc!
The orc wizard hits you with a +2 dagger of venom.
The zap hits the orc wizard.
The orc wizard is almost dead.
The orc wizard hits you with a +2 dagger of venom.
You barely miss the orc wizard. Your kick misses the orc wizard.
You peck the orc wizard, but do no damage.
The orc wizard is almost dead.
The orc wizard gestures wildly while chanting.
The orc wizard flickers and vanishes for a moment.
The orc wizard barely misses you.
You whack the orc wizard!
You kill the orc wizard!
Things that are here:
a +2 dagger of venom; a +0 robe The zap hits the orc!
You kill the orc!
Things that are here:
a +0 vorpal flail; an orc corpse
Things that are here:
a +0 whip of venom; a +0 scale mail
Found a scroll labelled YCLUOF FUIMO.
Magic restored.
Found a staircase to the Lair.
A fire dragon comes into view.
A fire dragon is nearby!
Found a scroll labelled MEAGOX TANIT.
Nemelex will now gift you decks of power as you gain piety.
The fire dragon roars deafeningly!
You hear a howl! x2
A centaur comes into view.
The centaur shouts!
The fire dragon breathes flames at you. The blast of flame hits you!!!
Ouch! That really hurt!
You die...
Your body disappears without a glow.

##.....###
#.......#
#####..)..#.#
#.........# ..
...###.....# # .
#.....# .
#.....# ...
#.....#####.....
#.......@.....#
##.#..?.§≈≈≈..#
#..#..§§§≈.≈...
##.#.≈≈≈..≈≈.##
....≈≈.>.D≈.#
.....≈≈≈§≈≈....
#.....§§§≈§≈....
#......§≈§§....c


You could see a fire dragon (catching breath) and a centaur.

Vanquished Creatures
  Sigmund (D:2)
  Eustachio (D:6)
  A water moccasin (D:6)
  Pargi (Sewer)
  An orc warrior (D:6)
  An ice beast (D:5)
  A phantom (D:5)
  A bullfrog (D:6)
  Blork the orc (D:6)
  2 necrophages (D:5)
  A scorpion (D:5)
  2 wights (D:6)
  A howler monkey (D:4)
  2 hounds
  Crazy Yiuf (D:4)
  An orc priest (D:5)
  An iguana (D:5)
  An orc wizard (D:9)
  Robin (D:2)
  3 adders
  3 gnolls (D:6)
  3 worms
  9 orcs
  6 ball pythons
  2 bats (D:3)
  3 endoplasms
  4 giant cockroaches
  17 goblins
  5 hobgoblins
  3 jackals (D:3)
  A kobold (D:3)
  5 quokkas
  2 frilled lizards (D:3)
  7 rats
  A spectral goblin (D:5)
96 creatures vanquished.

Notes
Turn   | Place    | Note
-------+----------+-------------------------------------------
     0 | D:1      | xian the Tengu Air Elementalist began the quest for the
                  | Orb.
     0 | D:1      | Reached XP level 1. HP: 10/10 MP: 4/4
   447 | D:1      | Found a faded altar of an unknown god.
   453 | D:1      | Reached XP level 2. HP: 15/15 MP: 3/6
   457 | D:1      | Learned a level 2 spell: Static Discharge
   572 | D:2      | Noticed Sigmund
   608 | D:3      | Reached XP level 3. HP: 15/19 MP: 0/7
   618 | D:3      | Identified the +10 whip of Munu {vorpal, rPois}
   689 | D:2      | Killed Sigmund
   690 | D:2      | Reached skill level 6 in Air Magic
   690 | D:2      | Reached XP level 4. HP: 17/24 MP: 5/9
   690 | D:2      | Gained mutation: Your magical nature lets you fly swiftly
                  | and evasively. [Tengu growth]
   690 | D:2      | Reached XP level 5. HP: 19/28 MP: 5/10
   893 | D:2      | Noticed Robin
   910 | D:2      | Killed Robin
  1777 | D:3      | Reached XP level 6. HP: 32/32 MP: 3/11
  2384 | D:4      | Found Luolyets's Assorted Antiques.
  2405 | D:4      | Bought a scroll labelled YCLUOF FUIMO for 29 gold pieces
  2477 | D:4      | Found a glowing drain.
  2489 | Sewer    | Entered a sewer
  2520 | Sewer    | Noticed Pargi
  2529 | Sewer    | Killed Pargi
  2737 | D:5      | Entered Level 5 of the Dungeon
  2737 | D:5      | Found Ifean's Elemental Accessories.
  2742 | D:5      | Found a staircase to the Ecumenical Temple.
  2775 | D:5      | Reached XP level 7. HP: 23/36 MP: 2/13
  2870 | D:5      | Reached skill level 7 in Air Magic
  2983 | D:5      | Found Bijoonig's Antique Weapon Boutique.
  3036 | D:5      | Reached skill level 5 in Conjurations
  3078 | Temple   | Entered the Ecumenical Temple
  3177 | Temple   | Became a worshipper of Nemelex Xobeh the Trickster
  3477 | D:5      | Found a hazy altar of Hepliaklqana.
  3670 | D:4      | Found a runed translucent door.
  3671 | D:4      | Noticed Crazy Yiuf
  3797 | D:4      | Reached skill level 1 in Maces & Flails
  3876 | D:4      | Killed Crazy Yiuf
  3877 | D:4      | Reached XP level 8. HP: 40/42 MP: 10/16
  4096 | D:6      | Found the +5 sword of Power {vorpal}
  4096 | D:6      | Noticed Eustachio
  4111 | D:6      | Reached skill level 5 in Spellcasting
  4111 | D:6      | Reached skill level 8 in Air Magic
  4113 | D:6      | Killed Eustachio
  4146 | D:6      | Noticed Blork the orc
  4160 | D:6      | Killed Blork the orc
  4352 | D:6      | Found a shimmering altar of Xom.
  4436 | D:6      | Reached skill level 9 in Air Magic
  4598 | D:6      | You are sucked into a shaft and drop 3 floors!
  4685 | D:9      | Found a staircase to the Lair.
  4685 | D:9      | Noticed a fire dragon
  4689 | D:9      | Reached * piety under Nemelex Xobeh
  4690 | D:9      | Killed from afar by a fire dragon

Illustrated notes

Levels and vault maps discovered:
D:1:      dpeg_arrival_boxorama, layout_rooms, hellmonk_ecumenical_altar_blasted
D:2:      layout_rooms, serial_curves, eino_curves_01, eino_curves_03,
          uniq_sigmund, uniq_robin
D:3:      layout_loops_ring
D:4:      minmay_recursive_quarters, layout_gridville, portal_sewer_entry_e,
          serial_shops, shop, uniq_crazy_yiuf_cottage
D:5:      layout_gridville, nicolae_hepliaklqana_monster_ancestors,
          minmay_temple_entry_statues, serial_shops,
          nicolae_shop_hallway_stairs, nicolae_elemental_shop
D:6:      layout_layer_cave, xom_butterflies, abandoned_shop, sword_in_stone,
          uniq_duvessa
D:9:      layout_roguey, minmay_lair_entry_lava, uniq_erica
Temple:   nicolae_temple_two_arcs

Skill      XL: |  1  2  3  4  5  6  7  8 |
---------------+-------------------------+-----
Conjurations   | 2 3 4 5 6 |  6.5
Dodging        | 3 |  3.4
Air Magic      | 6 7 9 |  9.0
Spellcasting   | 3 4 5 |  5.6
Stealth        | 3 |  3.5
Maces & Flails | 1 |  1.5
Fighting       | |  0.8
Shields        | |  0.7

Action                   |  1- 3 |  4- 6 |  7- 9 || total
-------------------------+-------+-------+-------++-------
Melee: Unarmed           |     4 |       |       ||     4
       Dagger            |     2 |       |       ||     2
       Kick              |     1 |     1 |     6 ||     8
       Peck              |     1 |       |     4 ||     5
       Whip              |     4 |    18 |    15 ||    37
 Cast: Shock             |    28 |    86 |    67 ||   181
       Static Discharge  |       |     5 |    11 ||    16
  Use: Scroll            |       |     2 |       ||     2
 Stab: Sleeping          |     1 |       |     1 ||     2
Armor: Robe              |     2 |     4 |     3 ||     9
Dodge: Dodged            |    13 |    17 |    16 ||    46
